Atomiques vs Wolfes
Created - January 18, 2021 at 20:07
Goals
|
| Atomiques |
2 |
2 |
1 |
5 |
| Wolfes |
0 |
3 |
1 |
4 |
|
Shots
|
| Atomiques |
12 |
20 |
9 |
41 |
| Wolfes |
11 |
22 |
10 |
43 |
|
1st period
1. Atomiques , William Nylander 14 (Denis Gurianov 11, Michael Chaput 19) at 4:13
2. Atomiques , William Nylander 15 (Michael Chaput 20) at 17:07 (SH)
Penalties :
Jordan Greenway (STB) for Slashing (Minor) at 11:05, Chase De Leo (STB) for Holding (Minor) at 15:47, Eric Robinson (RIM) for Tripping (Minor) at 18:35
2nd period
3. Atomiques , Dylan Strome 4 (Cody Goloubef 29, Nicolas Aube-Kubel 12) at 5:30
4. Wolfes , Blake Pietila 24 (Jeffrey Foss 17, Sebastian Aho 33) at 9:25 (PP)
5. Wolfes , Max Friberg 26 (Sebastian Aho 34) at 9:31 (PP)
6. Wolfes , Thomas Spelling 3 (Joe Morrow 18, Kyle Rau 18) at 13:35
7. Atomiques , Chase De Leo 6 (Brendan Guhle 8) at 18:04
Penalties :
Jordan Greenway (STB) for Slashing (Minor) at 9:10, William Nylander (STB) for Tripping (Minor) at 9:28, William Nylander (STB) for Hooking (Minor) at 18:14
3rd period
8. Wolfes , Victor Olofsson 2 (Damon Severson 20, Thomas Spelling 2) at 10:35
9. Atomiques , Oscar Sundqvist 16 (Kevin Fiala 12) at 11:46 (PP)
Penalties :
Jordan Greenway (STB) for Hooking (Minor) at 8:24, Jeffrey Foss (RIM) for Hooking (Minor) at 11:39, Oscar Sundqvist (STB) for Holding (Minor) at 12:06, Matthew Highmore (RIM) for Holding (Minor) at 14:48, Jakub Zboril (RIM) for Interference (Minor) at 17:17
Goalie Stats
Alex Nedeljkovic (STB), 39 saves from 43 shots - (0.907), W, 13-9-1, 60:00 minutes
Laurent Brossoit (RIM), 36 saves from 41 shots - (0.878), L, 17-10-3, 59:20 minutes
Players Stats for Atomiques
Player Name G A P +/- PIM S H SB GA TA FO MP PP MP PK MP
------------------------------------------------------------------------------------
Brendan Guhle 0 1 1 0 0 2 0 0 0 0 0/0 16:58 0:00 4:34
Chase De Leo 1 0 1 0 2 3 0 0 1 0 1/5 10:30 0:00 0:11
Cody Goloubef 0 1 1 2 0 4 2 8 1 0 0/0 28:42 4:30 5:39
Denis Gurianov 0 1 1 1 0 1 0 0 0 0 2/3 13:57 2:22 0:00
Dylan Strome 1 0 1 1 0 3 0 0 0 0 1/2 10:23 0:00 1:06
Jeremy Lauzon 0 0 0 0 0 0 0 0 0 0 0/0 14:20 1:34 0:00
Jordan Greenway 0 0 0 0 6 0 0 0 1 0 0/1 11:13 0:00 0:19
Kevin Fiala 0 1 1 -1 0 2 2 0 1 0 1/1 15:41 3:24 0:00
Kirill Kaprizov 0 0 0 1 0 6 0 0 0 0 0/0 12:21 0:00 2:21
Matt Tennyson 0 0 0 0 0 1 1 0 0 0 0/0 19:27 1:34 4:34
Max McCormick 0 0 0 0 0 0 0 0 0 0 0/0 10:31 0:18 0:00
Michael Chaput 0 2 2 2 0 5 1 1 0 1 5/18 18:05 2:22 4:02
Nicolas Aube-Kubel 0 1 1 1 0 2 2 0 0 0 0/0 9:35 0:18 0:00
Oscar Sundqvist 1 0 1 -1 2 4 3 0 1 1 11/32 20:26 3:42 4:54
Pontus Aberg 0 0 0 -1 0 3 0 0 2 0 1/1 21:07 3:24 5:55
Sean Walker 0 0 0 0 0 0 2 2 0 0 0/0 12:12 0:00 0:00
Wiley Sherman 0 0 0 2 0 1 0 1 0 1 0/0 28:21 4:30 5:39
William Nylander 2 0 2 2 4 4 1 1 1 0 0/0 15:51 2:22 1:38
Players Stats for Wolfes
Player Name G A P +/- PIM S H SB GA TA FO MP PP MP PK MP
------------------------------------------------------------------------------------
Alexandre Grenier 0 0 0 -1 0 3 0 1 0 1 1/1 15:19 0:10 3:45
Anton Karlsson 0 0 0 0 0 0 3 0 0 0 0/0 11:01 0:00 0:56
Anton Lindholm 0 0 0 -1 0 1 1 3 0 3 0/0 18:58 0:00 4:05
Blake Pietila 1 0 1 0 0 5 1 0 2 1 0/2 21:08 5:44 1:23
Damon Severson 0 1 1 0 0 0 1 3 0 0 0/0 26:29 6:41 4:05
Eric Robinson 0 0 0 0 2 0 0 0 0 0 0/0 8:49 0:10 0:00
Jakub Zboril 0 0 0 -1 2 2 0 1 0 0 0/0 13:46 0:00 0:00
Jamie Oleksiak 0 0 0 0 0 0 1 2 0 0 0/0 18:11 3:32 0:00
Jeffrey Foss 0 1 1 -1 2 2 1 0 0 1 0/0 22:50 6:41 1:59
Joe Morrow 0 1 1 -1 0 1 0 0 0 0 0/0 19:44 3:32 1:59
Kyle Rau 0 1 1 -1 0 5 3 0 0 0 3/5 14:07 4:19 0:00
Lawson Crouse 0 0 0 -2 0 0 1 0 0 0 0/0 15:55 3:55 0:56
Martin Hanzal 0 0 0 -1 0 4 2 1 0 0 12/17 15:07 0:00 3:45
Matthew Highmore 0 0 0 0 2 0 2 0 0 0 2/2 8:30 0:00 0:00
Max Friberg 1 0 1 0 0 5 0 0 0 1 1/2 20:25 5:44 1:23
Sebastian Aho 0 2 2 0 0 7 1 1 1 1 22/34 19:37 5:44 0:00
Thomas Spelling 1 1 2 -1 0 4 1 0 0 0 0/0 14:50 4:19 0:00
Victor Olofsson 1 0 1 0 0 4 0 0 0 0 0/0 9:06 0:34 0:00
3 Stars
1 - William Nylander (STB)
2 - Michael Chaput (STB)
3 - Cody Goloubef (STB)
Power Play
Atomiques - 1 on 4 Attempt(s) - 25.00%
Wolfes - 2 on 7 Attempt(s) - 28.57%
Penalty Kill
Atomiques - 5 on 7 Attempt(s) - 71.43%
- Score 1 goal in Penalty Kill
Wolfes - 3 on 4 Attempt(s) - 75.00%
- Score 0 goal in Penalty Kill
Team Stat
Atomiques - Hits : 14 - Faceoff Wins : 22 - Blocked Shots : 13 - Penalty Minutes : 14
Wolfes - Hits : 18 - Faceoff Wins : 41 - Blocked Shots : 12 - Penalty Minutes : 8
Official
Referees : Unknown
Linesman : Unknown
Game Notes
No Game Note
Finance
Level 1 -- Attendance: 1417 (70.85%) -- Ticket Income $56,680
Level 2 -- Attendance: 685 (68.50%) -- Ticket Income $13,700
Total Attendance: 2102 (70.07%)
Total Ticket Income: $70,380
Other Income: $3,519
Total Income: $73,899
Atomiques
5 vs 5 Forward
Center Left Wing Right Wing Time % Phy DF OF
1 Oscar Sundqvist Pontus Aberg Kevin Fiala 30 1 2 2
2 Michael Chaput William Nylander Denis Gurianov 30 1 2 2
3 Dylan Strome Kirill Kaprizov Nicolas Aube-Kubel 20 1 2 2
4 Chase De Leo Jordan Greenway Max McCormick 20 1 2 2
5 vs 5 Defense
Defense Defense Time % Phy DF OF
1 Wiley Sherman Cody Goloubef 40 1 2 2
2 Matt Tennyson Jeremy Lauzon 30 1 2 2
3 Brendan Guhle Sean Walker 20 1 2 2
4 Wiley Sherman Cody Goloubef 10 1 2 2
PowerPlay Forward
Center Left Wing Right Wing Time % Phy DF OF
1 Oscar Sundqvist Pontus Aberg Kevin Fiala 60 1 2 2
2 Michael Chaput William Nylander Denis Gurianov 40 1 2 2
PowerPlay Defense
Defense Defense Time % Phy DF OF
1 Wiley Sherman Cody Goloubef 60 1 2 2
2 Matt Tennyson Jeremy Lauzon 40 1 2 2
Penalty Kill 4 Players Forward
Center Wing Time % Phy DF OF
1 Oscar Sundqvist Pontus Aberg 60 1 2 2
2 Michael Chaput William Nylander 40 1 2 2
Penalty Kill 4 Players Defense
Defense Defense Time % Phy DF OF
1 Wiley Sherman Cody Goloubef 60 1 2 2
2 Matt Tennyson Brendan Guhle 40 1 2 2
Penalty Kill - 3 Players Forward
Forward Time % Phy DF OF
1 Oscar Sundqvist 60 1 2 2
2 Michael Chaput 40 1 2 2
Penalty Kill - 3 Players Defense
Defense Defense Time % Phy DF OF
1 Matt Tennyson Cody Goloubef 60 1 2 2
2 Wiley Sherman Brendan Guhle 40 1 2 2
4 vs 4 Forward
Center Wing Time % Phy DF OF
1 Oscar Sundqvist Pontus Aberg 60 1 2 2
2 Michael Chaput William Nylander 40 1 2 2
4 vs 4 Defense
Defense Defense Time % Phy DF OF
1 Wiley Sherman Cody Goloubef 60 1 2 2
2 Matt Tennyson Jeremy Lauzon 40 1 2 2
Last Minutes Offensive
Center Left Wing Right Wing Defense Defense
Oscar Sundqvist Pontus Aberg Kevin Fiala Wiley Sherman Cody Goloubef
Last Minutes Defensive
Center Left Wing Right Wing Defense Defense
Michael Chaput William Nylander Kevin Fiala Matt Tennyson Cody Goloubef
Goaltenders
Starting : Alex Nedeljkovic
Backup : Kaapo Kahkonen
Extra Forwards
Normal : William Nylander, Jordan Greenway, Kirill Kaprizov - PP : Nicolas Aube-Kubel, Kevin Fiala - PK : Pontus Aberg
Extra Defensemen
Normal : Brendan Guhle, Sean Walker, Wiley Sherman - PP : Brendan Guhle - PK : Sean Walker, Wiley Sherman
Penalty Shots
Kirill Kaprizov, Oscar Sundqvist, Michael Chaput, William Nylander, Pontus Aberg
Scratches
Christian Fischer (Healthy), Oliver Kylington (Healthy), Dalton Smith (Healthy), Axel Holmstrom (Healthy), Keegan Iverson (Healthy)
Wolfes
5 vs 5 Forward
Center Left Wing Right Wing Time % Phy DF OF
1 Sebastian Aho Blake Pietila Max Friberg 35 1 2 2
2 Martin Hanzal Lawson Crouse Alexandre Grenier 27 1 2 2
3 Kyle Rau Anton Karlsson Thomas Spelling 23 1 2 2
4 Matthew Highmore Eric Robinson Victor Olofsson 15 1 2 2
5 vs 5 Defense
Defense Defense Time % Phy DF OF
1 Jamie Oleksiak Damon Severson 36 1 2 2
2 Jakub Zboril Jeffrey Foss 34 1 2 2
3 Anton Lindholm Joe Morrow 30 1 2 2
4 Joe Morrow Anton Lindholm 0 1 2 2
PowerPlay Forward
Center Left Wing Right Wing Time % Phy DF OF
1 Sebastian Aho Blake Pietila Max Friberg 60 1 2 2
2 Kyle Rau Lawson Crouse Thomas Spelling 40 1 2 2
PowerPlay Defense
Defense Defense Time % Phy DF OF
1 Jeffrey Foss Damon Severson 60 1 2 2
2 Jamie Oleksiak Joe Morrow 40 1 2 2
Penalty Kill 4 Players Forward
Center Wing Time % Phy DF OF
1 Martin Hanzal Alexandre Grenier 60 1 2 2
2 Blake Pietila Max Friberg 40 1 2 2
Penalty Kill 4 Players Defense
Defense Defense Time % Phy DF OF
1 Anton Lindholm Damon Severson 60 1 2 2
2 Joe Morrow Jeffrey Foss 40 1 2 2
Penalty Kill - 3 Players Forward
Forward Time % Phy DF OF
1 Martin Hanzal 60 1 2 2
2 Alexandre Grenier 40 1 2 2
Penalty Kill - 3 Players Defense
Defense Defense Time % Phy DF OF
1 Anton Lindholm Damon Severson 60 1 2 2
2 Joe Morrow Jeffrey Foss 40 1 2 2
4 vs 4 Forward
Center Wing Time % Phy DF OF
1 Martin Hanzal Alexandre Grenier 60 1 2 2
2 Blake Pietila Max Friberg 40 1 2 2
4 vs 4 Defense
Defense Defense Time % Phy DF OF
1 Damon Severson Jamie Oleksiak 60 1 2 2
2 Jeffrey Foss Jakub Zboril 40 1 2 2
Last Minutes Offensive
Center Left Wing Right Wing Defense Defense
Sebastian Aho Blake Pietila Thomas Spelling Jamie Oleksiak Damon Severson
Last Minutes Defensive
Center Left Wing Right Wing Defense Defense
Martin Hanzal Blake Pietila Alexandre Grenier Joe Morrow Anton Lindholm
Goaltenders
Starting : Laurent Brossoit
Backup : Ebbe Siönäs
Extra Forwards
Normal : Victor Olofsson, Eric Robinson, Anton Karlsson - PP : Victor Olofsson, Eric Robinson - PK : Anton Karlsson
Extra Defensemen
Normal : Joe Morrow, Anton Lindholm, Jakub Zboril - PP : Joe Morrow - PK : Anton Lindholm, Jakub Zboril
Penalty Shots
Martin Hanzal, Alexandre Grenier, Blake Pietila, Max Friberg, Kyle Rau
Scratches
Kevin Stenlund (Healthy), Zachary Senyshyn (Healthy), Benn Ferriero (Healthy), Louis Belpedio (Healthy), Cameron Darcy (Healthy)
Fredrik Olofsson (Healthy), Michael Stone (Right Ankle Injury), Nolan Vesey (Healthy), Vaclav Karabacek (Healthy), Kyle Pettit (Healthy)
Dylan Sadowy (Healthy)
% Time on Ice - Atomiques
Lines # - Real PCT - Wanted PCT - Time Play
Normal Forward
1 - 27% - 30% - 11:49
2 - 27% - 30% - 11:42
3 - 22% - 20% - 9:17
4 - 24% - 20% - 10:13
Normal Defense
1 - 39% - 40% - 16:51
2 - 31% - 30% - 13:33
3 - 27% - 20% - 11:37
4 - 2% - 10% - 1:00
PP Forward
1 - 61% - 60% - 3:42
2 - 39% - 40% - 2:22
PP Defense
1 - 74% - 60% - 4:30
2 - 26% - 40% - 1:34
PK Forward
1 - 80% - 60% - 8:09
2 - 20% - 40% - 2:04
PK Defense
1 - 55% - 60% - 5:39
2 - 45% - 40% - 4:34
PK3 Forward
1 - 0% - 60%
2 - 0% - 40%
PK3 Defense
1 - 0% - 60%
2 - 0% - 40%
44 Forward
1 - 0% - 60%
2 - 0% - 40%
44 Defense
1 - 0% - 60%
2 - 0% - 40%
Last Minute Offensive - 0:00
Last Minute Defensive - 0:42
Total
Forward - 60:00
Defense - 60:00
|
% Time on Ice - Wolfes
Lines # - Real PCT - Wanted PCT - Time Play
Normal Forward
1 - 31% - 35% - 13:13
2 - 27% - 27% - 11:37
3 - 22% - 23% - 9:40
4 - 20% - 15% - 8:30
Normal Defense
1 - 35% - 36% - 15:00
2 - 34% - 34% - 14:28
3 - 31% - 30% - 13:11
4 - 1% - 0% - 0:21
PP Forward
1 - 58% - 60% - 5:54
2 - 42% - 40% - 4:19
PP Defense
1 - 65% - 60% - 6:41
2 - 35% - 40% - 3:32
PK Forward
1 - 77% - 60% - 4:41
2 - 23% - 40% - 1:23
PK Defense
1 - 67% - 60% - 4:05
2 - 33% - 40% - 1:59
PK3 Forward
1 - 0% - 60%
2 - 0% - 40%
PK3 Defense
1 - 0% - 60%
2 - 0% - 40%
44 Forward
1 - 0% - 60%
2 - 0% - 40%
44 Defense
1 - 0% - 60%
2 - 0% - 40%
Last Minute Offensive - 0:43
Last Minute Defensive - 0:00
Total
Forward - 60:00
Defense - 60:00
|
Play-by-Play
1st period
0:01 of 1st period - Oscar Sundqvist wins face-off versus Sebastian Aho in neutral zone.
0:26 of 1st period - Wiley Sherman is hit by Martin Hanzal and loses puck.
0:51 of 1st period - Nicolas Aube-Kubel is hit by Kyle Rau and loses puck.
1:31 of 1st period - Wrist shot by Kevin Fiala.
1:31 of 1st period - Stopped by Laurent Brossoit with a rebound.
1:33 of 1st period - Snap shot by Kevin Fiala.
1:33 of 1st period - Stopped by Laurent Brossoit with a rebound.
1:35 of 1st period - Snap shot by Matt Tennyson.
1:35 of 1st period - Stopped by Laurent Brossoit with a rebound.
2:01 of 1st period - Snap shot by Blake Pietila.
2:01 of 1st period - Shot Misses the Net.
2:21 of 1st period - Wrist shot by Alexandre Grenier.
2:21 of 1st period - Shot Blocked by Cody Goloubef.
2:35 of 1st period - Jordan Greenway is hit by Kyle Rau and loses puck.
2:40 of 1st period - Wrist shot by Thomas Spelling.
2:40 of 1st period - Stopped by Alex Nedeljkovic with a rebound.
3:00 of 1st period - Oscar Sundqvist is hit by Jamie Oleksiak and loses puck.
3:17 of 1st period - Backhand shot by Michael Chaput.
3:17 of 1st period - Stopped by Laurent Brossoit without a rebound.
3:18 of 1st period - Kyle Rau wins face-off versus Michael Chaput in Wolfes zone.
3:23 of 1st period - Sean Walker is hit by Anton Lindholm.
3:31 of 1st period - Slapshot by Denis Gurianov.
3:31 of 1st period - Deflect By William Nylander.
3:31 of 1st period - Stopped by Laurent Brossoit with a rebound.
3:37 of 1st period - Snap shot by William Nylander.
3:37 of 1st period - Stopped by Laurent Brossoit with a rebound.
3:51 of 1st period - Snap shot by Michael Chaput.
3:51 of 1st period - Stopped by Laurent Brossoit with a rebound.
4:13 of 1st period - Snap shot by William Nylander.
4:13 of 1st period - Goal by William Nylander - Atomiques : 1 - Wolfes : 0.
4:14 of 1st period - Kevin Fiala wins face-off versus Sebastian Aho in neutral zone.
4:39 of 1st period - Cody Goloubef is hit by Martin Hanzal and loses puck.
4:46 of 1st period - Slapshot by Martin Hanzal.
4:46 of 1st period - Stopped by Alex Nedeljkovic with a rebound.
4:48 of 1st period - Slapshot by Lawson Crouse.
4:48 of 1st period - Shot Blocked by Cody Goloubef.
6:02 of 1st period - Icing by Pontus Aberg.
6:03 of 1st period - Martin Hanzal wins face-off versus Oscar Sundqvist in Atomiques zone.
6:17 of 1st period - Icing by Oscar Sundqvist.
6:18 of 1st period - Oscar Sundqvist wins face-off versus Sebastian Aho in Atomiques zone.
7:22 of 1st period - Off-side.
7:23 of 1st period - Chase De Leo wins face-off versus Kyle Rau in neutral zone.
8:08 of 1st period - Wrist shot by Kyle Rau.
8:08 of 1st period - Shot Misses the Net.
8:10 of 1st period - Slapshot by Anton Lindholm.
8:10 of 1st period - Stopped by Alex Nedeljkovic with a rebound.
8:12 of 1st period - Snap shot by Anton Karlsson.
8:12 of 1st period - Shot Misses the Net.
8:22 of 1st period - Snap shot by Kyle Rau.
8:22 of 1st period - Shot Blocked by William Nylander.
8:24 of 1st period - Snap shot by Kyle Rau.
8:24 of 1st period - Shot Blocked by Sean Walker.
8:26 of 1st period - Slapshot by Jeffrey Foss.
8:26 of 1st period - Stopped by Alex Nedeljkovic with a rebound.
8:28 of 1st period - Snap shot by Kyle Rau.
8:28 of 1st period - Stopped by Alex Nedeljkovic without a rebound.
8:29 of 1st period - Sebastian Aho wins face-off versus Dylan Strome in Atomiques zone.
9:00 of 1st period - Wrist shot by Joe Morrow.
9:00 of 1st period - Stopped by Alex Nedeljkovic without a rebound.
9:01 of 1st period - Matthew Highmore wins face-off versus Oscar Sundqvist in Atomiques zone.
9:47 of 1st period - Snap shot by Victor Olofsson.
9:47 of 1st period - Stopped by Alex Nedeljkovic with a rebound.
9:55 of 1st period - Slapshot by Denis Gurianov.
9:55 of 1st period - Shot Misses the Net.
11:05 of 1st period - Minor Penalty to Jordan Greenway for Slashing.
11:06 of 1st period - Oscar Sundqvist wins face-off versus Max Friberg in Atomiques zone.
11:43 of 1st period - Pontus Aberg is hit by Lawson Crouse and loses puck.
12:00 of 1st period - Snap shot by Max Friberg.
12:00 of 1st period - Stopped by Alex Nedeljkovic with a rebound.
13:05 of 1st period - Penalty to Jordan Greenway is over, Jordan Greenway is back on ice.
13:41 of 1st period - Wrist shot by Martin Hanzal.
13:41 of 1st period - Shot Blocked by Cody Goloubef.
14:19 of 1st period - Jakub Zboril is hit by Sean Walker and loses puck.
14:48 of 1st period - Max Friberg is hit by Cody Goloubef and loses puck.
15:01 of 1st period - William Nylander is hit by Kyle Rau.
15:05 of 1st period - Matt Tennyson is hit by Damon Severson and loses puck.
15:47 of 1st period - Minor Penalty to Chase De Leo for Holding.
15:48 of 1st period - Sebastian Aho wins face-off versus Oscar Sundqvist in Atomiques zone.
15:49 of 1st period - Wrist shot by Blake Pietila.
15:49 of 1st period - Shot Misses the Net.
15:51 of 1st period - Snap shot by Max Friberg.
15:51 of 1st period - Shot Misses the Net.
15:53 of 1st period - Wrist shot by Max Friberg.
15:53 of 1st period - Deflect By Sebastian Aho.
15:53 of 1st period - Stopped by Alex Nedeljkovic with a rebound.
16:24 of 1st period - Snap shot by Cody Goloubef.
16:24 of 1st period - Stopped by Laurent Brossoit with a rebound.
16:34 of 1st period - Slapshot by Blake Pietila.
16:34 of 1st period - Stopped by Alex Nedeljkovic without a rebound.
16:35 of 1st period - Sebastian Aho wins face-off versus Oscar Sundqvist in Atomiques zone.
16:36 of 1st period - Wrist shot by Blake Pietila.
16:36 of 1st period - Shot Misses the Net.
17:03 of 1st period - Snap shot by Michael Chaput.
17:03 of 1st period - Stopped by Laurent Brossoit with a rebound.
17:05 of 1st period - Slapshot by Brendan Guhle.
17:05 of 1st period - Deflect By Michael Chaput.
17:05 of 1st period - Shot Misses the Net.
17:05 of 1st period - Puck is out of play.
17:06 of 1st period - Michael Chaput wins face-off versus Kyle Rau in Wolfes zone.
17:07 of 1st period - Wrist shot by William Nylander.
17:07 of 1st period - Goal by William Nylander - Atomiques : 2 - Wolfes : 0.
17:08 of 1st period - Sebastian Aho wins face-off versus Oscar Sundqvist in neutral zone.
17:47 of 1st period - Penalty to Chase De Leo is over, Chase De Leo is back on ice.
18:03 of 1st period - Snap shot by Kirill Kaprizov.
18:03 of 1st period - Shot Blocked by Anton Lindholm.
18:35 of 1st period - Minor Penalty to Eric Robinson for Tripping.
18:36 of 1st period - Martin Hanzal wins face-off versus Oscar Sundqvist in Wolfes zone.
18:41 of 1st period - Snap shot by Alexandre Grenier.
18:41 of 1st period - Stopped by Alex Nedeljkovic with a rebound.
18:49 of 1st period - Snap shot by Cody Goloubef.
18:49 of 1st period - Shot Misses the Net.
18:51 of 1st period - Wrist shot by Pontus Aberg.
18:51 of 1st period - Stopped by Laurent Brossoit without a rebound.
18:52 of 1st period - Martin Hanzal wins face-off versus Oscar Sundqvist in Wolfes zone.
Goals for this period are 2 for Atomiques vs 0 for Wolfes.
Shots for this period are 12 for Atomiques vs 11 for Wolfes.
2nd period
0:01 of 2nd period - Oscar Sundqvist wins face-off versus Martin Hanzal in neutral zone.
0:35 of 2nd period - Penalty to Eric Robinson is over, Eric Robinson is back on ice.
0:46 of 2nd period - Backhand shot by Kyle Rau.
0:46 of 2nd period - Shot Misses the Net.
0:56 of 2nd period - Snap shot by Thomas Spelling.
0:56 of 2nd period - Shot Misses the Net.
0:58 of 2nd period - Wrist shot by Kyle Rau.
0:58 of 2nd period - Stopped by Alex Nedeljkovic with a rebound.
1:07 of 2nd period - Off-side.
1:08 of 2nd period - Matthew Highmore wins face-off versus Chase De Leo in neutral zone.
1:33 of 2nd period - Blake Pietila is hit by Matt Tennyson and loses puck.
1:40 of 2nd period - Slapshot by Cody Goloubef.
1:40 of 2nd period - Stopped by Laurent Brossoit without a rebound.
1:41 of 2nd period - Sebastian Aho wins face-off versus Oscar Sundqvist in Wolfes zone.
2:06 of 2nd period - Wrist shot by Cody Goloubef.
2:06 of 2nd period - Stopped by Laurent Brossoit with a rebound.
2:08 of 2nd period - Slapshot by Wiley Sherman.
2:08 of 2nd period - Shot Blocked by Jamie Oleksiak.
2:10 of 2nd period - Wrist shot by Nicolas Aube-Kubel.
2:10 of 2nd period - Stopped by Laurent Brossoit with a rebound.
2:12 of 2nd period - Wrist shot by Kirill Kaprizov.
2:12 of 2nd period - Shot Misses the Net.
2:14 of 2nd period - Snap shot by Wiley Sherman.
2:14 of 2nd period - Shot Blocked by Martin Hanzal.
2:16 of 2nd period - Slapshot by Wiley Sherman.
2:16 of 2nd period - Deflect By Kirill Kaprizov.
2:16 of 2nd period - Stopped by Laurent Brossoit with a rebound.
2:18 of 2nd period - Slapshot by Nicolas Aube-Kubel.
2:18 of 2nd period - Shot Blocked by Alexandre Grenier.
2:32 of 2nd period - Off-side.
2:33 of 2nd period - Kyle Rau wins face-off versus Oscar Sundqvist in neutral zone.
2:36 of 2nd period - Backhand shot by Thomas Spelling.
2:36 of 2nd period - Stopped by Alex Nedeljkovic with a rebound.
2:38 of 2nd period - Slapshot by Jakub Zboril.
2:38 of 2nd period - Stopped by Alex Nedeljkovic with a rebound.
2:40 of 2nd period - Slapshot by Jeffrey Foss.
2:40 of 2nd period - Shot Misses the Net.
2:42 of 2nd period - Wrist shot by Kyle Rau.
2:42 of 2nd period - Shot Misses the Net.
2:44 of 2nd period - Slapshot by Kyle Rau.
2:44 of 2nd period - Shot Misses the Net.
2:46 of 2nd period - Wrist shot by Kyle Rau.
2:46 of 2nd period - Shot Blocked by Sean Walker.
2:48 of 2nd period - Wrist shot by Kyle Rau.
2:48 of 2nd period - Stopped by Alex Nedeljkovic with a rebound.
3:02 of 2nd period - Snap shot by Martin Hanzal.
3:02 of 2nd period - Stopped by Alex Nedeljkovic without a rebound.
3:03 of 2nd period - Martin Hanzal wins face-off versus Michael Chaput in Atomiques zone.
3:30 of 2nd period - Snap shot by Alexandre Grenier.
3:30 of 2nd period - Shot Blocked by Wiley Sherman.
3:57 of 2nd period - Wrist shot by Thomas Spelling.
3:57 of 2nd period - Stopped by Alex Nedeljkovic without a rebound.
3:58 of 2nd period - Sebastian Aho wins face-off versus Oscar Sundqvist in Atomiques zone.
4:09 of 2nd period - Snap shot by Max Friberg.
4:09 of 2nd period - Shot Misses the Net.
4:11 of 2nd period - Snap shot by Max Friberg.
4:11 of 2nd period - Stopped by Alex Nedeljkovic without a rebound.
4:12 of 2nd period - Martin Hanzal wins face-off versus Michael Chaput in Atomiques zone.
4:13 of 2nd period - Wrist shot by Alexandre Grenier.
4:13 of 2nd period - Shot Blocked by Michael Chaput.
4:37 of 2nd period - Sebastian Aho is hit by Oscar Sundqvist and loses puck.
5:26 of 2nd period - Snap shot by Kirill Kaprizov.
5:26 of 2nd period - Shot Misses the Net.
5:28 of 2nd period - Snap shot by Nicolas Aube-Kubel.
5:28 of 2nd period - Shot Blocked by Jakub Zboril.
5:30 of 2nd period - Slapshot by Cody Goloubef.
5:30 of 2nd period - Deflect By Dylan Strome.
5:30 of 2nd period - Goal by Dylan Strome - Atomiques : 3 - Wolfes : 0.
5:31 of 2nd period - Sebastian Aho wins face-off versus Michael Chaput in neutral zone.
5:44 of 2nd period - Slapshot by Sebastian Aho.
5:44 of 2nd period - Stopped by Alex Nedeljkovic with a rebound.
5:46 of 2nd period - Snap shot by Blake Pietila.
5:46 of 2nd period - Shot Misses the Net.
6:35 of 2nd period - Snap shot by Victor Olofsson.
6:35 of 2nd period - Stopped by Alex Nedeljkovic with a rebound.
6:40 of 2nd period - Off-side.
6:41 of 2nd period - Sebastian Aho wins face-off versus Chase De Leo in neutral zone.
6:44 of 2nd period - Slapshot by Damon Severson.
6:44 of 2nd period - Shot Misses the Net.
7:02 of 2nd period - Snap shot by Chase De Leo.
7:02 of 2nd period - Deflect By Jordan Greenway.
7:02 of 2nd period - Shot Blocked by Jamie Oleksiak.
7:02 of 2nd period - Puck is out of play.
7:03 of 2nd period - Denis Gurianov wins face-off versus Martin Hanzal in Wolfes zone.
7:18 of 2nd period - Wrist shot by Alexandre Grenier.
7:18 of 2nd period - Shot Hit the Post.
7:28 of 2nd period - Brendan Guhle is hit by Thomas Spelling and loses puck.
7:41 of 2nd period - Thomas Spelling is hit by Michael Chaput.
8:14 of 2nd period - Icing by Sean Walker.
8:15 of 2nd period - Dylan Strome wins face-off versus Martin Hanzal in Atomiques zone.
8:20 of 2nd period - Alexandre Grenier is hit by Nicolas Aube-Kubel and loses puck.
8:27 of 2nd period - Backhand shot by Kirill Kaprizov.
8:27 of 2nd period - Shot Blocked by Anton Lindholm.
8:31 of 2nd period - Slapshot by Dylan Strome.
8:31 of 2nd period - Stopped by Laurent Brossoit with a rebound.
9:10 of 2nd period - Minor Penalty to Jordan Greenway for Slashing.
9:11 of 2nd period - Sebastian Aho wins face-off versus Oscar Sundqvist in Atomiques zone.
9:21 of 2nd period - Snap shot by Blake Pietila.
9:21 of 2nd period - Shot Misses the Net.
9:25 of 2nd period - Snap shot by Blake Pietila.
9:25 of 2nd period - Goal by Blake Pietila - Atomiques : 3 - Wolfes : 1.
9:26 of 2nd period - Michael Chaput wins face-off versus Sebastian Aho in neutral zone.
9:28 of 2nd period - Minor Penalty to William Nylander for Tripping.
9:29 of 2nd period - Sebastian Aho wins face-off versus Oscar Sundqvist in Atomiques zone.
9:29 of 2nd period - Snap shot by Blake Pietila.
9:29 of 2nd period - Stopped by Alex Nedeljkovic without a rebound.
9:30 of 2nd period - Sebastian Aho wins face-off versus Oscar Sundqvist in Atomiques zone.
9:31 of 2nd period - Wrist shot by Max Friberg.
9:31 of 2nd period - Goal by Max Friberg - Atomiques : 3 - Wolfes : 2.
9:32 of 2nd period - Michael Chaput wins face-off versus Sebastian Aho in neutral zone.
9:35 of 2nd period - Wrist shot by Michael Chaput.
9:35 of 2nd period - Stopped by Laurent Brossoit without a rebound.
9:36 of 2nd period - Sebastian Aho wins face-off versus Michael Chaput in Wolfes zone.
9:47 of 2nd period - Slapshot by Blake Pietila.
9:47 of 2nd period - Shot Hit the Post.
9:49 of 2nd period - Slapshot by Jakub Zboril.
9:49 of 2nd period - Stopped by Alex Nedeljkovic without a rebound.
9:50 of 2nd period - Sebastian Aho wins face-off versus Oscar Sundqvist in Atomiques zone.
9:53 of 2nd period - Wrist shot by Blake Pietila.
9:53 of 2nd period - Stopped by Alex Nedeljkovic with a rebound.
9:55 of 2nd period - Snap shot by Max Friberg.
9:55 of 2nd period - Shot Misses the Net.
9:57 of 2nd period - Wrist shot by Max Friberg.
9:57 of 2nd period - Stopped by Alex Nedeljkovic with a rebound.
9:59 of 2nd period - Wrist shot by Sebastian Aho.
9:59 of 2nd period - Deflect By Blake Pietila.
9:59 of 2nd period - Shot Blocked by Cody Goloubef.
9:59 of 2nd period - Puck is out of play.
10:00 of 2nd period - Sebastian Aho wins face-off versus Oscar Sundqvist in Atomiques zone.
10:07 of 2nd period - Snap shot by Sebastian Aho.
10:07 of 2nd period - Shot Misses the Net.
10:09 of 2nd period - Slapshot by Damon Severson.
10:09 of 2nd period - Deflect By Sebastian Aho.
10:09 of 2nd period - Shot Hit the Post.
10:09 of 2nd period - Puck is out of play.
10:10 of 2nd period - Sebastian Aho wins face-off versus Michael Chaput in Atomiques zone.
10:11 of 2nd period - Snap shot by Blake Pietila.
10:11 of 2nd period - Shot Blocked by Cody Goloubef.
10:13 of 2nd period - Slapshot by Jeffrey Foss.
10:13 of 2nd period - Shot Misses the Net.
10:15 of 2nd period - Snap shot by Sebastian Aho.
10:15 of 2nd period - Stopped by Alex Nedeljkovic with a rebound.
10:17 of 2nd period - Snap shot by Sebastian Aho.
10:17 of 2nd period - Stopped by Alex Nedeljkovic with a rebound.
10:19 of 2nd period - Slapshot by Jeffrey Foss.
10:19 of 2nd period - Shot Blocked by Cody Goloubef.
10:21 of 2nd period - Snap shot by Blake Pietila.
10:21 of 2nd period - Shot Blocked by Cody Goloubef.
10:23 of 2nd period - Snap shot by Blake Pietila.
10:23 of 2nd period - Shot Misses the Net.
10:25 of 2nd period - Wrist shot by Jeffrey Foss.
10:25 of 2nd period - Stopped by Alex Nedeljkovic without a rebound.
10:26 of 2nd period - Martin Hanzal wins face-off versus Oscar Sundqvist in Atomiques zone.
10:29 of 2nd period - Slapshot by Martin Hanzal.
10:29 of 2nd period - Shot Misses the Net.
11:47 of 2nd period - Jordan Greenway is hit by Jeffrey Foss.
12:06 of 2nd period - Snap shot by Victor Olofsson.
12:06 of 2nd period - Stopped by Alex Nedeljkovic with a rebound.
12:16 of 2nd period - Slapshot by Cody Goloubef.
12:16 of 2nd period - Deflect By Chase De Leo.
12:16 of 2nd period - Stopped by Laurent Brossoit without a rebound.
12:17 of 2nd period - Oscar Sundqvist wins face-off versus Blake Pietila in Wolfes zone.
12:28 of 2nd period - Sebastian Aho is hit by Kevin Fiala and loses puck.
12:53 of 2nd period - Kevin Fiala is hit by Anton Karlsson.
13:01 of 2nd period - Snap shot by Oscar Sundqvist.
13:01 of 2nd period - Stopped by Laurent Brossoit with a rebound.
13:29 of 2nd period - Snap shot by Pontus Aberg.
13:29 of 2nd period - Shot Blocked by Anton Lindholm.
13:35 of 2nd period - Slapshot by Joe Morrow.
13:35 of 2nd period - Deflect By Thomas Spelling.
13:35 of 2nd period - Goal by Thomas Spelling - Atomiques : 3 - Wolfes : 3.
13:36 of 2nd period - Michael Chaput wins face-off versus Sebastian Aho in neutral zone.
13:39 of 2nd period - Slapshot by Wiley Sherman.
13:39 of 2nd period - Stopped by Laurent Brossoit with a rebound.
14:10 of 2nd period - Slapshot by Kirill Kaprizov.
14:10 of 2nd period - Stopped by Laurent Brossoit with a rebound.
14:41 of 2nd period - Snap shot by Kirill Kaprizov.
14:41 of 2nd period - Stopped by Laurent Brossoit with a rebound.
14:43 of 2nd period - Snap shot by Kirill Kaprizov.
14:43 of 2nd period - Stopped by Laurent Brossoit with a rebound.
15:23 of 2nd period - Snap shot by Dylan Strome.
15:23 of 2nd period - Stopped by Laurent Brossoit with a rebound.
15:25 of 2nd period - Wrist shot by Kirill Kaprizov.
15:25 of 2nd period - Stopped by Laurent Brossoit without a rebound.
15:26 of 2nd period - Michael Chaput wins face-off versus Sebastian Aho in Wolfes zone.
15:37 of 2nd period - Snap shot by Michael Chaput.
15:37 of 2nd period - Deflect By Denis Gurianov.
15:37 of 2nd period - Stopped by Laurent Brossoit with a rebound.
16:02 of 2nd period - Wrist shot by Martin Hanzal.
16:02 of 2nd period - Deflect By Alexandre Grenier.
16:02 of 2nd period - Shot Misses the Net.
16:02 of 2nd period - Puck is out of play.
16:03 of 2nd period - Alexandre Grenier wins face-off versus Chase De Leo in Atomiques zone.
16:12 of 2nd period - Snap shot by Martin Hanzal.
16:12 of 2nd period - Stopped by Alex Nedeljkovic without a rebound.
16:13 of 2nd period - Martin Hanzal wins face-off versus Chase De Leo in Atomiques zone.
16:34 of 2nd period - Snap shot by Chase De Leo.
16:34 of 2nd period - Stopped by Laurent Brossoit with a rebound.
16:36 of 2nd period - Snap shot by Brendan Guhle.
16:36 of 2nd period - Stopped by Laurent Brossoit with a rebound.
16:38 of 2nd period - Slapshot by Brendan Guhle.
16:38 of 2nd period - Stopped by Laurent Brossoit with a rebound.
17:17 of 2nd period - Snap shot by Alexandre Grenier.
17:17 of 2nd period - Shot Misses the Net.
17:56 of 2nd period - Slapshot by Alexandre Grenier.
17:56 of 2nd period - Stopped by Alex Nedeljkovic with a rebound.
18:04 of 2nd period - Wrist shot by Chase De Leo.
18:04 of 2nd period - Goal by Chase De Leo - Atomiques : 4 - Wolfes : 3.
18:05 of 2nd period - Sebastian Aho wins face-off versus Michael Chaput in neutral zone.
18:11 of 2nd period - Off-side.
18:12 of 2nd period - Sebastian Aho wins face-off versus Michael Chaput in neutral zone.
18:14 of 2nd period - Minor Penalty to William Nylander for Hooking.
18:15 of 2nd period - Oscar Sundqvist wins face-off versus Sebastian Aho in Atomiques zone.
18:15 of 2nd period - Oscar Sundqvist is hit by Blake Pietila.
18:26 of 2nd period - Wrist shot by Pontus Aberg.
18:26 of 2nd period - Shot Blocked by Sebastian Aho.
Goals for this period are 2 for Atomiques vs 3 for Wolfes.
Shots for this period are 20 for Atomiques vs 22 for Wolfes.
3rd period
0:01 of 3rd period - Oscar Sundqvist wins face-off versus Blake Pietila in neutral zone.
0:14 of 3rd period - Penalty to William Nylander is over, William Nylander is back on ice.
0:53 of 3rd period - Wrist shot by Jordan Greenway.
0:53 of 3rd period - Shot Blocked by Damon Severson.
0:59 of 3rd period - Slapshot by Matt Tennyson.
0:59 of 3rd period - Shot Blocked by Damon Severson.
1:27 of 3rd period - Pontus Aberg is hit by Matthew Highmore and loses puck.
1:46 of 3rd period - Snap shot by Nicolas Aube-Kubel.
1:46 of 3rd period - Stopped by Laurent Brossoit without a rebound.
1:47 of 3rd period - Martin Hanzal wins face-off versus Denis Gurianov in Wolfes zone.
1:47 of 3rd period - Martin Hanzal is hit by Cody Goloubef.
2:32 of 3rd period - Snap shot by William Nylander.
2:32 of 3rd period - Shot Misses the Net.
2:34 of 3rd period - Wrist shot by Michael Chaput.
2:34 of 3rd period - Stopped by Laurent Brossoit without a rebound.
2:35 of 3rd period - Sebastian Aho wins face-off versus Oscar Sundqvist in Wolfes zone.
3:00 of 3rd period - Cody Goloubef is hit by Sebastian Aho and loses puck.
3:21 of 3rd period - Wrist shot by Max Friberg.
3:21 of 3rd period - Stopped by Alex Nedeljkovic with a rebound.
3:23 of 3rd period - Slapshot by Alexandre Grenier.
3:23 of 3rd period - Stopped by Alex Nedeljkovic with a rebound.
3:25 of 3rd period - Snap shot by Martin Hanzal.
3:25 of 3rd period - Stopped by Alex Nedeljkovic with a rebound.
4:15 of 3rd period - Sean Walker is hit by Anton Karlsson.
5:08 of 3rd period - Icing by Jakub Zboril.
5:09 of 3rd period - Oscar Sundqvist wins face-off versus Sebastian Aho in Wolfes zone.
5:43 of 3rd period - Wrist shot by Sebastian Aho.
5:43 of 3rd period - Stopped by Alex Nedeljkovic without a rebound.
5:44 of 3rd period - Martin Hanzal wins face-off versus Michael Chaput in Atomiques zone.
6:24 of 3rd period - Wrist shot by Thomas Spelling.
6:24 of 3rd period - Shot Misses the Net.
6:26 of 3rd period - Slapshot by Kyle Rau.
6:26 of 3rd period - Deflect By Pontus Aberg.
6:26 of 3rd period - Stopped by Alex Nedeljkovic with a rebound.
6:38 of 3rd period - Dylan Strome is hit by Matthew Highmore.
8:18 of 3rd period - Blake Pietila is hit by Sean Walker and loses puck.
8:24 of 3rd period - Minor Penalty to Jordan Greenway for Hooking.
8:25 of 3rd period - Oscar Sundqvist wins face-off versus Sebastian Aho in Atomiques zone.
8:32 of 3rd period - Wrist shot by Oscar Sundqvist.
8:32 of 3rd period - Stopped by Laurent Brossoit with a rebound.
9:03 of 3rd period - Slapshot by Kyle Rau.
9:03 of 3rd period - Stopped by Alex Nedeljkovic without a rebound.
9:04 of 3rd period - Kyle Rau wins face-off versus Michael Chaput in Atomiques zone.
9:07 of 3rd period - Snap shot by Kyle Rau.
9:07 of 3rd period - Shot Blocked by Cody Goloubef.
10:24 of 3rd period - Penalty to Jordan Greenway is over, Jordan Greenway is back on ice.
10:35 of 3rd period - Wrist shot by Victor Olofsson.
10:35 of 3rd period - Goal by Victor Olofsson - Atomiques : 4 - Wolfes : 4.
10:36 of 3rd period - Sebastian Aho wins face-off versus Michael Chaput in neutral zone.
10:41 of 3rd period - Wrist shot by Sebastian Aho.
10:41 of 3rd period - Stopped by Alex Nedeljkovic with a rebound.
10:43 of 3rd period - Wrist shot by Sebastian Aho.
10:43 of 3rd period - Stopped by Alex Nedeljkovic without a rebound.
10:44 of 3rd period - Sebastian Aho wins face-off versus Michael Chaput in Atomiques zone.
11:09 of 3rd period - Wrist shot by Cody Goloubef.
11:09 of 3rd period - Stopped by Laurent Brossoit without a rebound.
11:10 of 3rd period - Oscar Sundqvist wins face-off versus Martin Hanzal in Wolfes zone.
11:21 of 3rd period - Snap shot by Oscar Sundqvist.
11:21 of 3rd period - Stopped by Laurent Brossoit without a rebound.
11:22 of 3rd period - Denis Gurianov wins face-off versus Sebastian Aho in Wolfes zone.
11:39 of 3rd period - Minor Penalty to Jeffrey Foss for Hooking.
11:40 of 3rd period - Martin Hanzal wins face-off versus Oscar Sundqvist in Wolfes zone.
11:44 of 3rd period - Wrist shot by Oscar Sundqvist.
11:44 of 3rd period - Shot Blocked by Damon Severson.
11:46 of 3rd period - Wrist shot by Oscar Sundqvist.
11:46 of 3rd period - Goal by Oscar Sundqvist - Atomiques : 5 - Wolfes : 4.
11:47 of 3rd period - Sebastian Aho wins face-off versus Oscar Sundqvist in neutral zone.
12:06 of 3rd period - Minor Penalty to Oscar Sundqvist for Holding.
12:07 of 3rd period - Pontus Aberg wins face-off versus Sebastian Aho in Atomiques zone.
14:06 of 3rd period - Penalty to Oscar Sundqvist is over, Oscar Sundqvist is back on ice.
14:48 of 3rd period - Minor Penalty to Matthew Highmore for Holding.
14:49 of 3rd period - Oscar Sundqvist wins face-off versus Martin Hanzal in Wolfes zone.
14:52 of 3rd period - Slapshot by Pontus Aberg.
14:52 of 3rd period - Stopped by Laurent Brossoit without a rebound.
14:53 of 3rd period - Martin Hanzal wins face-off versus Oscar Sundqvist in Wolfes zone.
14:53 of 3rd period - Martin Hanzal is hit by Kevin Fiala.
15:56 of 3rd period - Slapshot by Pontus Aberg.
15:56 of 3rd period - Stopped by Laurent Brossoit without a rebound.
15:57 of 3rd period - Max Friberg wins face-off versus Michael Chaput in Wolfes zone.
16:39 of 3rd period - Snap shot by Anton Karlsson.
16:39 of 3rd period - Shot Misses the Net.
16:48 of 3rd period - Penalty to Matthew Highmore is over, Matthew Highmore is back on ice.
17:03 of 3rd period - Snap shot by Kirill Kaprizov.
17:03 of 3rd period - Shot Misses the Net.
17:07 of 3rd period - Slapshot by Kirill Kaprizov.
17:07 of 3rd period - Stopped by Laurent Brossoit with a rebound.
17:17 of 3rd period - Minor Penalty to Jakub Zboril for Interference.
17:18 of 3rd period - Martin Hanzal wins face-off versus Oscar Sundqvist in Wolfes zone.
17:27 of 3rd period - Damon Severson is hit by Oscar Sundqvist and loses puck.
18:14 of 3rd period - Alexandre Grenier is hit by Oscar Sundqvist and loses puck.
18:33 of 3rd period - Blake Pietila is hit by William Nylander and loses puck.
19:02 of 3rd period - Nicolas Aube-Kubel is hit by Anton Karlsson and loses puck.
19:09 of 3rd period - Anton Lindholm is hit by Nicolas Aube-Kubel and loses puck.
19:17 of 3rd period - Penalty to Jakub Zboril is over, Jakub Zboril is back on ice.
19:20 of 3rd period - Wolfes, Laurent Brossoit is pulled from the net.
19:38 of 3rd period - Wrist shot by Blake Pietila.
19:38 of 3rd period - Deflect By Cody Goloubef.
19:38 of 3rd period - Stopped by Alex Nedeljkovic without a rebound.
19:39 of 3rd period - Ron Wilson call a timeout for Wolfes.
19:39 of 3rd period - Sebastian Aho wins face-off versus Jordan Greenway in Atomiques zone.
Goals for this period are 1 for Atomiques vs 1 for Wolfes.
Shots for this period are 9 for Atomiques vs 10 for Wolfes.